 Dungeon Crawl Stone Soup version 0.29.1-12-g30fa7ad0bf (webtiles) character file.

Game seed: 7206977657813228252

3964 brandobin the Slicer (level 10, -29/76 HPs)
             Began as a Barachi Brigand on Jan 1, 2023.
             Killed by the air
             ... invoked by Gastronok
              (34 damage)
             ... on level 8 of the Dungeon.
             The game lasted 00:52:44 (8547 turns).

brandobin the Slicer (Barachi Brigand)              Turns: 8547, Time: 00:52:45

Health: -29/76     AC: 11    Str: 13    XL:     10   Next: 22%
Magic:  13/13      EV: 18    Int: 18    God:
Gold:   272        SH: 14    Dex: 16    Spells: 11/13 levels left

rFire   . . .      SeeInvis .   s - +4 dagger (drain)
rCold   . . .      Faith    .   t - +4 kite shield "Gaeplieh" {Fly Int+4 Dex-5 Stlth+}
rNeg    . . .      Spirit   .   f - +2 robe {Will+}
rPois   .          Reflect  .   w - +1 helmet
rElec   .          Harm     .   h - +1 cloak
rCorr   .          Rampage  .   k - +0 pair of gloves
Will    +....      Clarity  +   r - +1 pair of boots
Stlth   ++++......              (no amulet)
HPRegen 0.22/turn               u - +4 ring of evasion
MPRegen 0.13/turn               B - +6 ring of dexterity

@: flying, slowed, very slow
A: amphibious, slowness 1, strong legs 1, +LOS, clarity
a: Hop


You were on level 8 of the Dungeon.
You visited 1 branch of the dungeon, and saw 8 of its levels.
You also visited: Sewer and Ossuary.

You collected 429 gold pieces.
You spent 157 gold pieces at shops.

Inventory:

Hand Weapons
 s - a +4 dagger of draining (weapon)
Missiles
 d - 24 poisoned darts (quivered)
 e - 3 curare-tipped darts
 y - 5 atropa-tipped darts
Armour
 f - a +2 robe of willpower (worn)
 h - a +1 cloak (worn)
 i - an orb of wrath
 k - a +0 pair of gloves (worn)
 r - a +1 pair of boots (worn)
 t - the +4 kite shield "Gaeplieh" (worn) {Fly Int+4 Dex-5 Stlth+}
   (You acquired it in an ossuary)

   Int:       It affects your intelligence (+4).
   Dex:       It affects your dexterity (-5).
   Fly:       It grants you flight.
   Stlth:     It makes you more stealthy.
 w - a +1 helmet (worn)
Magical Staves
 x - a staff of air
Jewellery
 u - a +4 ring of evasion (left hand)
 B - a +6 ring of dexterity (right hand)
Wands
 n - a wand of roots (4)
 C - a wand of charming (7)
 L - a wand of mindburst (8)
Scrolls
 a - 2 scrolls of poison
 b - 4 scrolls of fog
 m - 8 scrolls of identify
 p - a scroll of teleportation
 q - 2 scrolls of blinking
 G - a scroll of enchant armour
Potions
 c - a potion of flight
 g - a potion of curing
 j - 2 potions of brilliance
 l - 2 potions of might {unknown}
 v - 2 potions of attraction
 z - a potion of lignification
 A - a potion of haste {unknown}
 D - a potion of berserk rage
 H - a potion of invisibility {unknown}
 K - a potion of magic


   Skills:
 + Level 5.7 Fighting
 + Level 8.5 Short Blades
 + Level 4.8 Throwing
 + Level 7.8 Dodging
 + Level 6.4 Stealth
 + Level 5.1 Shields
 + Level 2.2 Spellcasting
 + Level 0.5 Transmutations
 + Level 1.8 Ice Magic


You had 11 spell levels left.
You knew the following spells:

 Your Spells              Type           Power      Damage    Failure   Level
b - Wereblood             Tmut           4%         N/A       52%         2

Your spell library contained the following spells:

 Spells                   Type           Power      Damage    Failure   Level
 Freeze                   Ice            32%        1d5       24%         1
 Slow                     Hex            4%         N/A       45%         1
 Summon Small Mammal      Summ           4%         N/A       45%         1
 Frozen Ramparts          Ice            16%        1d3       56%         3
 Sublimation of Blood     Necr           1%         N/A       58%         2
 Call Canine Familiar     Summ           1%         N/A       83%         3
 Confusing Touch          Hex            1%         N/A       83%         3
 Dazzling Flash           Conj/Hex       2%         N/A       83%         3
 Gell's Gravitas          Tloc           1%         N/A       83%         3
 Summon Guardian Golem    Hex/Summ       1%         N/A       83%         3
 Teleport Other           Tloc           1%         N/A       83%         3
 Vampiric Draining        Necr           1%         2d6       83%         3
 Hailstorm                Conj/Ice       5%         3d4       98%         4
 Iskenderun's Mystic Bla  Conj/Tloc      1%         2d3       99%         4
 Dispersal                Tloc           0%         N/A       100%        6
 Starburst                Conj/Fire      0%         6d3       100%        6
 Summon Hydra             Summ           0%         N/A       100%        7


Dungeon Overview and Level Annotations

Branches:
Dungeon (8/15)             Temple (0/1) D:7           Sewer (visited)
Ossuary (visited)
   Lair: D:8-11

Altars:
Trog

Shops:
D:1 [   D:3 !   D:4 *   D:5 (   D:8 (

Annotations:
D:8 Gastronok


Innate Abilities, Weirdness & Mutations

You are amphibious.
You cover ground slowly.
You can hop short distances.
You have an extended range of vision and can be seen from far away.
You possess an exceptional clarity of mind.


Message History

The quokka attacks as you move away! You block the quokka's attack.
The quokka barely misses you.
You feel a sudden urge to swivel your nonexistent eyestalks around.
The quokka attacks as you move away! The quokka closely misses you.
You block the quokka's attack. You block the quokka's attack.
The quokka barely misses you. The quokka misses you.
The quokka attacks as you move away! The quokka bites you.
* * * LOW HITPOINT WARNING * * *
The quokka twitches its whiskers.
You block the quokka's attack.
You hit the quokka.
The quokka is almost dead.
The quokka misses you.
You hit the quokka.
You kill the quokka!
The quokka's corpse disappears in a puff of smoke!
You hit the river rat. You drain the river rat.
The river rat is almost dead.
Gastronok seems less drained.
The river rat closely misses you.
You hit the river rat but do no damage.
The river rat is almost dead.
The river rat closely misses you.
Gastronok chants a spell, wobbling all the while.
You closely miss the river rat.
The river rat is almost dead.
The river rat misses you.
You closely miss the river rat.
The river rat is almost dead.
You block the river rat's attack. The river rat closely misses you.
You hit the river rat.
You kill the river rat!
The river rat's corpse disappears in a puff of smoke!
The bat closely misses you.
You hit the bat.
The bat is heavily wounded.
You block the bat's attack. x2; The bat closely misses you.
Gastronok waves his eye-stalks in wide circles.
The air twists around and strikes you!!
You die...

......#≈#.≈### #
#.≈ ##....#≈≈.≈# .#
..
#....##≈≈.###.##..
......###~##......#
##...)# #.##.#
#..### ...####
#....# .....# ###
#####.# #..#.##..#
##.###.###b.......#
#....rw..b@.#
##.##.####### #.#
#.##### #.....###
#.#.....#
#w..###..# #..## #
...#


You could see Gastronok, a quokka (summoned) and 2 bats.

Vanquished Creatures
  The ghost of hawla the Chiller, an amateur MeIE of Vehumet (D:5)
  A wyvern (D:8)
  Sigmund (D:3)
  Menkaure (Ossuary)
  An acid dragon (D:6)
  A water moccasin (D:8)
  2 orc warriors (D:7)
  A hornet zombie (D:7)
  2 ice beasts
  Pargi (Sewer)
  A black bear (D:6)
  2 sky beasts (D:7)
  2 ogres
  A phantom (D:7)
  A centaur (D:6)
  A kobold brigand (D:7)
  2 bullfrogs (D:7)
  Blork the orc (D:4)
  4 necrophages
  A wyvern zombie (D:7)
  3 scorpions
  5 wights (D:7)
  3 howler monkeys
  3 bullfrog zombies (D:7)
  3 centaur zombies (D:7)
  An orc priest (D:4)
  A gnoll bouda (D:7)
  A hound (D:6)
  A jelly (D:6)
  2 iguanas (D:4)
  2 orc wizards
  3 killer bee zombies (D:7)
  3 mummies (Ossuary)
  Robin (D:2)
  3 gnolls (D:7)
  10 adders
  A shadow imp (D:7)
  2 white imps
  An ufetubus (D:7)
  5 worms
  A dart slug (D:2)
  18 orcs
  9 ball pythons
  5 bats
  5 endoplasms
  7 giant cockroaches
  3 gnoll zombies (Ossuary)
  15 goblins
  6 hobgoblins
  4 jackals (D:3)
  7 quokkas
  10 frilled lizards
  5 goblin skeletons (Ossuary)
  6 goblin zombies (Ossuary)
  4 hobgoblin skeletons (Ossuary)
  5 hobgoblin zombies (Ossuary)
  9 kobolds
  5 kobold skeletons (Ossuary)
  2 kobold zombies (Ossuary)
  7 orc skeletons (Ossuary)
  4 orc zombies (Ossuary)
  11 rats
  4 rat skeletons (Ossuary)
  5 rat zombies (Ossuary)
239 creatures vanquished.

Vanquished Creatures (others)
  3 plants
  6 withered plants (D:7)
9 creatures vanquished.

Grand Total: 248 creatures vanquished

Notes
Turn   | Place    | Note
-------+----------+-------------------------------------------
     0 | D:1      | brandobin the Barachi Brigand began the quest for the Orb.
     0 | D:1      | Reached XP level 1. HP: 17/17 MP: 1/1
    63 | D:1      | Reached XP level 2. HP: 22/23 MP: 2/2
   322 | D:1      | Found a faded altar of an unknown god.
   495 | D:1      | Found Bilekuho's Antique Armour Shoppe.
   561 | D:1      | Reached XP level 3. HP: 28/28 MP: 3/3
   602 | D:1      | Learned a level 1 spell: Freeze
  1814 | D:2      | Reached skill level 3 in Short Blades
  1814 | D:2      | Reached XP level 4. HP: 32/34 MP: 4/4
  1897 | D:2      | Noticed Robin
  1908 | D:2      | Killed Robin
  1981 | D:2      | Gained mutation: You possess an exceptional clarity of
                  | mind. [potion of mutation]
  2216 | D:1      | Bought a glowing cloak for 157 gold pieces
  2308 | D:3      | Reached XP level 5. HP: 36/41 MP: 5/5
  2538 | D:3      | Noticed Sigmund
  2569 | D:3      | Killed Sigmund
  2570 | D:3      | Reached skill level 4 in Short Blades
  2570 | D:3      | Reached XP level 6. HP: 38/47 MP: 4/6
  2725 | D:3      | Found Fahasaick's Distillery.
  3029 | D:4      | Found a glowing drain.
  3066 | D:4      | Reached skill level 5 in Short Blades
  3073 | D:4      | Reached XP level 7. HP: 49/53 MP: 7/7
  3076 | Sewer    | Entered a sewer
  3099 | Sewer    | Noticed Pargi
  3154 | Sewer    | Killed Pargi
  3155 | Sewer    | Reached skill level 1 in Spellcasting
  3526 | D:4      | Noticed Blork the orc
  3528 | D:4      | Killed Blork the orc
  3529 | D:4      | Reached skill level 5 in Stealth
  3936 | D:4      | Found Riubowk's Assorted Antiques.
  4183 | D:5      | Entered Level 5 of the Dungeon
  4283 | D:5      | Found Gyovisifo's Antique Weapon Emporium.
  4463 | D:5      | Reached skill level 6 in Short Blades
  4463 | D:5      | Reached XP level 8. HP: 46/60 MP: 9/9
  4507 | D:5      | Found a large runed translucent door.
  4507 | D:5      | Found a large runed translucent door.
  4508 | D:5      | Noticed hawla's ghost (amateur MeIE)
  4585 | D:5      | Killed hawla's ghost
  5462 | D:6      | Reached skill level 5 in Dodging
  5462 | D:6      | Reached skill level 1 in Ice Magic
  5566 | D:6      | Reached skill level 7 in Short Blades
  5693 | D:6      | Reached XP level 9. HP: 43/67 MP: 11/11
  5722 | D:6      | Learned a level 2 spell: Wereblood
  6271 | D:7      | Reached skill level 5 in Fighting
  6289 | D:7      | Found a staircase to the Ecumenical Temple.
  6658 | D:7      | Found a sand-covered staircase.
  6730 | Ossuary  | Entered an ossuary
  7031 | Ossuary  | Noticed Menkaure
  7048 | Ossuary  | Killed Menkaure
  7090 | Ossuary  | Reached skill level 8 in Short Blades
  7172 | Ossuary  | Identified a scroll of acquirement
  7172 | Ossuary  | Acquired the +4 kite shield "Gaeplieh" {Fly Int+4 Dex-5
                  | Stlth+}
  7362 | D:7      | Noticed a moth of wrath
  7366 | D:7      | Found a bloodstained altar of Trog.
  7482 | D:7      | Reached skill level 1 in Shields
  7926 | D:7      | Reached XP level 10. HP: 75/75 MP: 5/13
  8397 | D:8      | Found Veweet's Antique Weapon Shoppe.
  8498 | D:8      | Reached skill level 5 in Shields
  8513 | D:8      | Noticed Gastronok
  8533 | D:8      | HP: 2/76 [Gastronok/the air (17)]
  8539 | D:8      | HP: 3/76 [quokka[Gastronok] (1)]
  8547 | D:8      | Killed from afar by Gastronok

Illustrated notes

Levels and vault maps discovered:
D:1:      zaba_arrival_water, layout_loops_ring, serial_shops, shop,
          hellmonk_ecumenical_altar_slurped_away, minmay_pentomino_t2
D:2:      layout_loops_cross, minmay_split_cup_large, uniq_robin
D:3:      layout_basic, serial_shops, shop, chequers_hall_statues_wall_a,
          uniq_sigmund
D:4:      layout_basic, serial_shops, nicolae_shop_hallway_stairs,
          gup_sewer_entry_glass, uniq_blork_the_orc
D:5:      cheibrodos_quashed, layout_basic, ebering_ghost_disaster_area,
          serial_shops, nicolae_shop_crystal, kennysheep_potato
D:6:      layout_cave_pools, serial_bayou_pond_b, corexii_corridor_pit
D:7:      layout_rooms, tgw_trog, minmay_temple_entry_hall,
          lightli_ossuary_entry_decrepit_ruins, serial_undead, serial_undead_c,
          serial_undead_e, serial_undead_a, serial_undead_e, serial_undead_f,
          serial_undead_a, serial_bayou_pond_d, grunt_ministairs_9
D:8:      layout_loops_cross, general_overflow_altar, serial_rivers,
          chequers_serial_rivers_micro_b, chequers_serial_rivers_micro_c,
          chequers_serial_rivers_small_b, chequers_serial_rivers_micro_d,
          chequers_serial_rivers_micro_c, serial_shops, nicolae_stop_n_shop_2,
          minmay_misc_feat_plants, minmay_joined_circles, uniq_maggie,
          uniq_gastronok, uniq_maurice

Skill      XL: |  1  2  3  4  5  6  7  8  9 10 |
---------------+-------------------------------+-----
Stealth        | 4 5 6 |  6.4
Short Blades   | 3 4 5 6 7 8 |  8.5
Dodging        | 2 3 4 5 7 |  7.8
Fighting       | 3 4 5 |  5.7
Throwing       | 3 4 |  4.8
Spellcasting   | 1 2 |  2.2
Ice Magic      | 1 |  1.8
Shields        | 3 5 |  5.1
Transmutations | |  0.5

Action                   |  1- 3 |  4- 6 |  7- 9 | 10-12 || total
-------------------------+-------+-------+-------+-------++-------
Melee: Dagger            |   115 |   138 |   762 |    95 ||  1110
       Punch             |     1 |       |       |       ||     1
Throw: Dart              |    10 |    16 |    50 |     2 ||    78
 Cast: Freeze            |     2 |     2 |     3 |       ||     7
       Wereblood         |       |       |     5 |       ||     5
 Abil: Hop               |       |     1 |       |       ||     1
Evoke: Wand              |       |       |       |     1 ||     1
  Use: Scroll            |     5 |     2 |     6 |     5 ||    18
       Potion            |       |     6 |     8 |     2 ||    16
 Stab: Sleeping          |     1 |     4 |    10 |     2 ||    17
Armor: Robe              |    37 |    53 |   141 |    26 ||   257
Dodge: Dodged            |    92 |   138 |   531 |    94 ||   855
Block: Kite shield       |       |       |   151 |    93 ||   244
